 Dungeon Crawl Stone Soup version 0.31.0-7-gf635a9b802 (webtiles) character file.

Game seed: 7545577838029720573

22 RancidPinata the Sneak (level 2, 0/21 HPs)
             Began as an Octopode Delver on Jan 23, 2024.
             Slain by an orc
             ... wielding a +0 mace
              (7 damage)
             ... on level 7 of the Dungeon.
             The game lasted 00:03:33 (186 turns).

RancidPinata the Sneak (Octopode Delver)             Turns: 186, Time: 00:03:34

Health: 0/21       AC:  1    Str: 11    XL:     2   Next: 91%
Magic:  2/2        EV: 13    Int: 12    God:
Gold:   14         SH:  0    Dex: 13    Spells: 1/1 levels left

rFire   . . .        a - +0 short sword
rCold   . . .        (no shield)
rNeg    . . .        (helmet restricted)
rPois   .            (no amulet)
rElec   .            (no ring)
rCorr   .            (no ring)
SInv    .            (no ring)
Will    .....        (no ring)
Stlth   ++++         (no ring)
HPRegen 0.23/turn    (no ring)
MPRegen 0.08/turn    (no ring)
                     (no ring)

%: no passive effects
@: no status effects
A: almost no armour, amphibious, 8 rings, camouflage 1, gelatinous body 1,
(nimble swimmer 1), tentacles
a: no special abilities


You were on level 7 of the Dungeon.
You visited 2 branches of the dungeon, and saw 5 of its levels.

You collected 14 gold pieces.

Inventory:

Hand Weapons
 a - a +0 short sword (weapon)
Missiles
 g - 4 stones (quivered)
Wands
 f - a wand of digging (3)
Scrolls
 b - a scroll of fog
 c - a scroll of revelation
 d - a scroll of fear
 h - a scroll of identify {unknown}
Potions
 e - a potion of haste


   Skills:
 * Level 3.3 Fighting
 + Level 2.2 Short Blades
 * Level 2.5 Dodging
 + Level 6.8 Stealth


You had one spell level left.
You didn't know any spells.
Your spell library was empty.

Dungeon Overview and Level Annotations

Branches:
Dungeon (8/15)             Temple (1/1) D:7
   Lair: D:8-11

Altars:
Cheibriados
Dithmenos
Elyvilon
Gozag
Makhleb
Nemelex Xobeh
Wu Jian
Xom

Annotations:
D:6 Blork the orc


Innate Abilities, Weirdness & Mutations

You cannot wear most types of armour.
You are amphibious.
You can wear up to eight rings at the same time.
Your skin changes colour to match your surroundings (Stealth+).
Your rubbery body absorbs attacks. (AC +1, EV +1)
((You are camouflaged when in or above water. (Stealth+)))
You have tentacles for arms and can constrict up to eight enemies at once.


Message History

Found a dagger.
There is a stone staircase leading up here.
Welcome back, RancidPinata the Octopode Delver.
Press ? for a list of commands and other information.
An orc comes into view. It is wielding a +0 dagger.
The orc shouts!
The orc moves out of view.
An orc comes into view. It is wielding a +0 whip.
An orc comes into view. It is wielding a +0 dagger.
The orc moves out of view.
The orc shouts!
You hear a shout!
There is a stone staircase leading up here.
Found a scroll labelled ITAEBR JODWULAF.
You see here a scroll labelled ITAEBR JODWULAF.
h - a scroll labelled ITAEBR JODWULAF An orc comes into view.
It is wielding a +0 short sword.
Found a staircase to the Ecumenical Temple.
An orc and an orc wizard come into view.
An orc comes into view. It is wielding a +0 short sword.
An orc comes into view. It is wielding a +0 dagger.
The orc shouts!
There is a staircase to the Ecumenical Temple here.
You can't go up here!
You climb downwards.
Welcome to the Ecumenical Temple!
Found eight altars.
Found a staircase back to the Dungeon.
There is a staircase back to the Dungeon here.
There is a staircase back to the Dungeon here.
You climb upwards.
The orc shouts! x2
The orc misses you. The orc hits you with a +0 mace!
There is a staircase to the Ecumenical Temple, spattered with blood here.
You hit the orc. You grab the orc.
The orc is heavily wounded.
You constrict the orc. The orc hits you with a +0 short sword.
The orc hits you with a +0 mace.
The orc wizard shouts!
You hit the orc. You squeeze the orc.
You kill the orc!
The orc hits you with a +0 mace!
You die...

..................#.......##.##
#######.##.##..................
.. ..#...#........## l.
..##...##.......# ##
#.....##......# ..
..#.#..##.###.# .# #
.##.##....# .# ..+
....##o..##...# # ...+##
#......@).....# ......
....##...##...# ##.... .
##.##........# . #.#..##.#####
....# ..# #oo.# ..# #.oo ...#
..... oo.# . ..o.#


You could see an orc wizard and 4 orcs.

Vanquished Creatures
  An adder (D:6)
  2 ufetubi (D:6)
  2 orcs (D:7)
5 creatures vanquished.

Notes
Turn   | Place    | Note
-------+----------+-------------------------------------------
     0 | D:5      | RancidPinata the Octopode Delver began the quest for the
                  | Orb.
     0 | D:5      | Reached XP level 1. HP: 16/16 MP: 1/1
     8 | D:6      | Reached XP level 2. HP: 21/21 MP: 2/2
    11 | D:6      | Noticed Blork the orc
    56 | D:7      | Noticed a steam dragon
    58 | D:8      | Noticed a steam dragon
   100 | D:7      | Noticed a bullfrog
   163 | D:7      | Found a staircase to the Ecumenical Temple.
   173 | Temple   | Entered the Ecumenical Temple
   186 | D:7      | Slain by an orc

Illustrated notes

Levels and vault maps discovered:
D:5:      layout_basic, serial_shops, shop, uniq_edmund, uniq_duvessa,
          uniq_grinder, uniq_prince_ribbit1
D:6:      layout_basic, zin_statuary, amethyst_overflow_temple_binary,
          grunt_ministairs_9, hangedman_abyss_or_decor_passed, uniq_jeremiah,
          uniq_menkaure, uniq_blork_the_orc
D:7:      layout_basic, minmay_temple_entry_waves, nrook_mini_backslash
D:8:      layout_rooms, mainiacjoe_overflow_surrounded_room,
          nicolae_ru_the_path_less_chosen, serial_shops, shop_statue
Temple:   hellmonk_temple_micro_hex

Action                     || total
---------------------------++-------
  Melee: Short sword       ||     6
         Constrict         ||     1
         Tentacles         ||     1
   Stab: Sleeping          ||     4
 Armour: Skin              ||     4
  Dodge: Dodged            ||     1
